TOP OF THE 1ST |
Richmond Black Rifles batting - Pitching for Savannah Goobers : RHP Nolan Napier
|
Pitching: RHP Nolan Napier
|
|
Batting: LHB Wilmer Walden
|
0-0: Called Strike 0-1: Ball 1-1: SINGLE (Line Drive, 4D, EV 99.4 MPH)
|
Batting: RHB Oliver Rider
|
0-0: Foul Ball, location: 23FF 0-1: Ball 1-1: Foul Ball, location: 25FF 1-2: SINGLE (Groundball, 3D, EV 98.1 MPH) Wilmer Walden to second Runner from 2nd tries for 3rd, SAFE, throw by RF made to third
|
Batting: LHB George Miles
|
0-0: Ball 1-0: Called Strike 1-1: Ball 2-1: Foul Ball, location: 2F 2-2: Foul Ball, location: 3FF 2-2: Foul Ball, location: 2LF 2-2: Ball 3-2: Grounds into double play, 4-6-3 (Groundball, 34, EV 88.1 MPH) Wilmer Walden scores
|
Batting: RHB Milton Reed
|
0-0: Called Strike 0-1: Ball 1-1: Ball 2-1: Fly out, F8 (Flyball, 8RD, EV 103.1 MPH)
|
Top of the 1st over - 1 run, 2 hits, 0 errors, 0 left on base; Richmond 1 - Savannah 0 |
BOTTOM OF THE 1ST |
Savannah Goobers batting - Pitching for Richmond Black Rifles : RHP Willie Woods
|
Pitching: RHP Willie Woods
|
|
Batting: LHB Quincy Anderson
|
0-0: Ball 1-0: Ball 2-0: Called Strike 2-1: Ball 3-1: Base on Balls
|
Batting: RHB George Gill
|
0-0: Called Strike 0-1: Ball 1-1: Ball 2-1: Sac Bunt to 25 - play at first, batter OUT! 5-3 Quincy Anderson to second
|
Batting: LHB Chuffy Campbell
|
0-0: Ball 1-0: Called Strike 1-1: Ball 2-1: Fly out, F9 (Flyball, 9, EV 85.6 MPH)
|
Batting: RHB Dave Frederick
|
0-0: Foul Ball, location: 2F 0-1: Ground out 6-3 (Groundball, 6, EV 91.3 MPH)
|
Bottom of the 1st over - 0 runs, 0 hits, 0 errors, 1 left on base; Richmond 1 - Savannah 0 |
TOP OF THE 2ND |
Richmond Black Rifles batting - Pitching for Savannah Goobers : RHP Nolan Napier
|
Batting: RHB Henry Walker
|
0-0: Ball 1-0: Fly out, F6 (Line Drive, 6, EV 66.3 MPH)
|
Batting: RHB John Breaux
|
0-0: Foul Ball, location: 9LMF 0-1: Ball 1-1: Ground out U3 (Groundball, 3, EV 106.3 MPH)
|
Batting: SHB Sleeky Handy
|
0-0: Ball 1-0: Ball 2-0: Called Strike 2-1: Foul Ball, location: 2F 2-2: SINGLE (Line Drive, 3L, EV 99.4 MPH)
|
Batting: RHB Jimmy Page
|
0-0: SINGLE (Groundball, 34, EV 85.6 MPH) Sleeky Handy to second Runner from 2nd tries for 3rd, SAFE, throw by RF made to third Jimmy Page to second
|
Batting: LHB Willie Woods
|
0-0: Called Strike 0-1: Fly out, F5 (Popup, 5L, EV 78.1 MPH)
|
Top of the 2nd over - 0 runs, 2 hits, 0 errors, 2 left on base; Richmond 1 - Savannah 0 |
BOTTOM OF THE 2ND |
Savannah Goobers batting - Pitching for Richmond Black Rifles : RHP Willie Woods
|
Batting: RHB Lacy Knight
|
0-0: Called Strike 0-1: Ball 1-1: Foul Ball, location: 5FF 1-2: Ball 2-2: Foul Ball, location: 9LMF 2-2: Ball 3-2: Foul Ball, location: 25FF 3-2: Ground out 6-3 (Groundball, 6, EV 106.9 MPH)
|
Batting: RHB Andy McAvoy
|
0-0: Called Strike 0-1: Ball 1-1: Foul Ball, location: 2F 1-2: Fly out, F8 (Line Drive, 8RS, EV 90.6 MPH)
|
Batting: RHB Red Gillespie
|
0-0: Ball 1-0: Fly out, F4 (Popup, 4D, EV 50.6 MPH)
|
Bottom of the 2nd over - 0 runs, 0 hits, 0 errors, 0 left on base; Richmond 1 - Savannah 0 |
TOP OF THE 3RD |
Richmond Black Rifles batting - Pitching for Savannah Goobers : RHP Nolan Napier
|
Batting: LHB Wilmer Walden
|
0-0: Fly out, F7 (Line Drive, 78M, EV 99.4 MPH)
|
Batting: RHB Oliver Rider
|
0-0: Ball 1-0: Called Strike 1-1: Swinging Strike 1-2: Ball 2-2: DOUBLE (Line Drive, 7LM, EV 106.9 MPH)
|
Batting: LHB George Miles
|
0-0: Called Strike 0-1: Swinging Strike 0-2: Ball 1-2: Ball 2-2: Ball 3-2: Foul Ball, location: 5DF 3-2: Base on Balls
|
Batting: RHB Milton Reed
|
0-0: Foul Ball, location: 2F 0-1: Swinging Strike 0-2: SINGLE (Groundball, 56D, EV 99.4 MPH) Oliver Rider to third George Miles to second Throwing error, E7 Oliver Rider scores George Miles to third Milton Reed to second
|
Batting: RHB Henry Walker
|
0-0: Ball 1-0: Called Strike 1-1: Swinging Strike 1-2: Ball 2-2: Fly out, F9 (Flyball, 9S, EV 85.6 MPH)
|
Batting: RHB John Breaux
|
0-0: Ground out 1-3 (Groundball, 13S, EV 73.1 MPH)
|
Top of the 3rd over - 1 run, 2 hits, 1 error, 2 left on base; Richmond 2 - Savannah 0 |
BOTTOM OF THE 3RD |
Savannah Goobers batting - Pitching for Richmond Black Rifles : RHP Willie Woods
|
Batting: LHB Vicial Brown
|
0-0: Ball 1-0: Ball 2-0: Called Strike 2-1: Called Strike 2-2: Fly out, F4 (Line Drive, 4MD, EV 70.0 MPH)
|
Batting: RHB Nolan Napier
|
0-0: Reached on error, E6 (Groundball, 56, EV 82.5 MPH)
|
Batting: LHB Quincy Anderson
|
0-0: Foul Ball, location: 7LSF 0-1: Ball 1-1: Ball 2-1: Foul Ball, location: 2F 2-2: Ball 3-2: Strikes out looking
|
Batting: RHB George Gill
|
0-0: Fielders Choice at 2nd, 5-4 (Groundball, 56, EV 90.0 MPH)
|
Bottom of the 3rd over - 0 runs, 0 hits, 1 error, 1 left on base; Richmond 2 - Savannah 0 |
TOP OF THE 4TH |
Richmond Black Rifles batting - Pitching for Savannah Goobers : RHP Nolan Napier
|
Batting: SHB Sleeky Handy
|
0-0: Foul Ball, location: 5SF 0-1: Ball 1-1: Swinging Strike 1-2: Foul Ball, location: 2RF 1-2: Ball 2-2: Ball 3-2: Fly out, F6 (Popup, 6M, EV 61.3 MPH)
|
Batting: RHB Jimmy Page
|
0-0: Called Strike 0-1: Foul Ball, location: 9LDF 0-2: Fly out, F5 (Line Drive, 5L, EV 68.1 MPH)
|
Batting: LHB Willie Woods
|
0-0: Swinging Strike 0-1: Ball 1-1: Foul Ball, location: 3DF 1-2: Strikes out swinging
|
Top of the 4th over - 0 runs, 0 hits, 0 errors, 0 left on base; Richmond 2 - Savannah 0 |
BOTTOM OF THE 4TH |
Savannah Goobers batting - Pitching for Richmond Black Rifles : RHP Willie Woods
|
Batting: LHB Chuffy Campbell
|
0-0: Called Strike 0-1: Ball 1-1: Ball 2-1: SINGLE (Groundball, 6MD, EV 106.3 MPH)
|
Batting: RHB Dave Frederick
|
0-0: Fielders Choice at 2nd, 5-4 (Groundball, 56S, EV 86.9 MPH)
|
Now at 2B: Jackie Selden
|
|
Batting: RHB Lacy Knight
|
0-0: Ball 1-0: Reached on error, E5 (Groundball, 5S, EV 43.8 MPH) Dave Frederick to second
|
Batting: RHB Andy McAvoy
|
0-0: Foul Ball, location: 9LSF 0-1: SINGLE (Groundball, 4MD, EV 94.4 MPH) Dave Frederick to third Lacy Knight to second Runner from 3rd tries for Home, SAFE, throw by CF to trailing runner, OUT at third! 8-3-5
|
Batting: RHB Red Gillespie
|
0-0: Ball 1-0: Ground out U3 (Groundball, 23, EV 78.1 MPH)
|
Bottom of the 4th over - 1 run, 2 hits, 1 error, 1 left on base; Richmond 2 - Savannah 1 |
TOP OF THE 5TH |
Richmond Black Rifles batting - Pitching for Savannah Goobers : RHP Nolan Napier
|
Batting: LHB Wilmer Walden
|
0-0: Called Strike 0-1: Ball 1-1: Foul Ball, location: 9LMF 1-2: Ball 2-2: Ball 3-2: Fly out, F8 (Flyball, 8RD, EV 101.3 MPH)
|
Batting: RHB Oliver Rider
|
0-0: Foul Ball, location: 2F 0-1: Foul Ball, location: 2F 0-2: Foul Ball, location: 25F 0-2: Ground out 4-3 (Groundball, 34, EV 105.6 MPH)
|
Batting: LHB George Miles
|
0-0: Swinging Strike 0-1: Ball 1-1: Ball 2-1: Fly out, F8 (Flyball, 89M, EV 90.0 MPH)
|
Top of the 5th over - 0 runs, 0 hits, 0 errors, 0 left on base; Richmond 2 - Savannah 1 |
BOTTOM OF THE 5TH |
Savannah Goobers batting - Pitching for Richmond Black Rifles : RHP Willie Woods
|
Batting: LHB Vicial Brown
|
0-0: Ball 1-0: Foul Ball, location: 3F 1-1: Called Strike 1-2: Ground out 4-3 (Groundball, 34D, EV 81.9 MPH)
|
Batting: RHB Nolan Napier
|
0-0: Fly out, F4 (Popup, 23, EV 91.9 MPH)
|
Batting: LHB Quincy Anderson
|
0-0: Ball 1-0: Foul Ball, location: 2F 1-1: Foul Ball, location: 7LMFF 1-2: Ground out 4-3 (Groundball, 4, EV 103.1 MPH)
|
Bottom of the 5th over - 0 runs, 0 hits, 0 errors, 0 left on base; Richmond 2 - Savannah 1 |
TOP OF THE 6TH |
Richmond Black Rifles batting - Pitching for Savannah Goobers : RHP Nolan Napier
|
Batting: LHB Jackie Selden
|
0-0: Ball 1-0: Fly out, F7 (Flyball, 7D, EV 111.3 MPH)
|
Pitching: RHP John Kincannon
|
|
Batting: RHB Henry Walker
|
0-0: Ball 1-0: Called Strike 1-1: Foul Ball, location: 2F 1-2: Ball 2-2: Ball 3-2: Ground out 5-3 (Groundball, 5S, EV 89.4 MPH)
|
Batting: RHB John Breaux
|
0-0: Called Strike 0-1: Ball 1-1: Swinging Strike 1-2: Ball 2-2: Foul Ball, location: 2F 2-2: Fly out, F4 (Popup, 4M, EV 55.6 MPH)
|
Top of the 6th over - 0 runs, 0 hits, 0 errors, 0 left on base; Richmond 2 - Savannah 1 |
BOTTOM OF THE 6TH |
Savannah Goobers batting - Pitching for Richmond Black Rifles : RHP Willie Woods
|
Batting: RHB George Gill
|
0-0: Ball 1-0: Called Strike 1-1: Foul Ball, location: 2F 1-2: Foul Ball, location: 9LSF 1-2: Ground out 6-3 (Groundball, 6, EV 105.0 MPH)
|
Batting: LHB Chuffy Campbell
|
0-0: Ground out 1-3 (Groundball, 34S, EV 65.6 MPH)
|
Batting: RHB Dave Frederick
|
0-0: Called Strike 0-1: Foul Ball, location: 9LDF 0-2: Ground out 6-3 (Groundball, 6, EV 86.9 MPH)
|
Bottom of the 6th over - 0 runs, 0 hits, 0 errors, 0 left on base; Richmond 2 - Savannah 1 |
TOP OF THE 7TH |
Richmond Black Rifles batting - Pitching for Savannah Goobers : RHP John Kincannon
|
Batting: SHB Sleeky Handy
|
0-0: Ball 1-0: Called Strike 1-1: Ball 2-1: Fly out, F9 (Line Drive, 34D, EV 62.5 MPH)
|
Batting: RHB Jimmy Page
|
0-0: Ball 1-0: Called Strike 1-1: Ground out 4-3 (Groundball, 34, EV 83.8 MPH)
|
Batting: LHB Willie Woods
|
0-0: Fly out, F5 (Line Drive, 56, EV 68.8 MPH)
|
Top of the 7th over - 0 runs, 0 hits, 0 errors, 0 left on base; Richmond 2 - Savannah 1 |
BOTTOM OF THE 7TH |
Savannah Goobers batting - Pitching for Richmond Black Rifles : RHP Willie Woods
|
Batting: RHB Lacy Knight
|
0-0: Foul Ball, location: 2F 0-1: Swinging Strike 0-2: Ball 1-2: Ball 2-2: Foul Ball, location: 9LDF 2-2: Ball 3-2: SINGLE (Flyball, 7S, EV 86.9 MPH)
|
Batting: RHB Andy McAvoy
|
0-0: Bunted foul 0-1: Bunt missed! 0-2: SINGLE (Groundball, 34D, EV 104.4 MPH) Lacy Knight to second
|
Batting: RHB Red Gillespie
|
0-0: Bunted foul 0-1: Ball 1-1: Sac Bunt to 13S - play at first, batter OUT! 1-4 Lacy Knight to third Andy McAvoy to second
|
Pinch Hitting: RHB Albert Miles
|
0-0: Fly out, F7 (Flyball, 7D, EV 94.4 MPH) Runner from 3rd tags up, SCORES, no throw by LF
|
Pinch Hitting: RHB Robert Jones
|
0-0: Ground out U3 (Groundball, 3, EV 78.1 MPH)
|
Bottom of the 7th over - 1 run, 2 hits, 0 errors, 1 left on base; Richmond 2 - Savannah 2 |
TOP OF THE 8TH |
Richmond Black Rifles batting - Pitching for Savannah Goobers : RHP John Kincannon
|
Pitching: RHP Don Richardson
|
|
Now at 2B: Newt Fleet
|
|
Batting: LHB Wilmer Walden
|
0-0: Called Strike 0-1: Foul Ball, location: 2F 0-2: Ball 1-2: Ground out 3-1 (Groundball, 34S, EV 91.3 MPH)
|
Pinch Hitting: LHB Mutt Shields
|
0-0: Fly out, F7 (Flyball, 7LS, EV 84.4 MPH)
|
Batting: LHB George Miles
|
0-0: Called Strike 0-1: Ground out 4-3 (Groundball, 4, EV 110.6 MPH)
|
Top of the 8th over - 0 runs, 0 hits, 0 errors, 0 left on base; Richmond 2 - Savannah 2 |
BOTTOM OF THE 8TH |
Savannah Goobers batting - Pitching for Richmond Black Rifles : RHP Willie Woods
|
Now at SS: Alfred King
|
|
Batting: LHB Quincy Anderson
|
0-0: Ball 1-0: Ball 2-0: SINGLE (Groundball, 6MD, EV 103.8 MPH)
|
Batting: RHB George Gill
|
|
Pinch Hitting: LHB John Bowers
|
0-0: Sac Bunt to P - play at first, batter OUT! 1-3 Quincy Anderson to second
|
Batting: LHB Chuffy Campbell
|
0-0: Ball 1-0: Ball Passed Ball! Quincy Anderson to third 2-0: Foul Ball, location: 3FF 2-1: Swinging Strike 2-2: Ball 3-2: SINGLE (Line Drive, 34D, EV 98.8 MPH) Quincy Anderson scores
|
Pitching: LHP Bobby Gay
|
|
Batting: RHB Dave Frederick
|
0-0: Called Strike 0-1: Ball 1-1: Swinging Strike 1-2: Fly out, F9 (Flyball, 9, EV 74.4 MPH)
|
Batting: RHB Lacy Knight
|
0-0: Ball 1-0: Called Strike 1-1: Swinging Strike 1-2: Ball 2-2: Ball 3-2: Base on Balls Chuffy Campbell to second
|
Batting: RHB Andy McAvoy
|
0-0: Ball 1-0: Called Strike 1-1: Fielders Choice at 2nd, 6-4 (Groundball, 6, EV 110.0 MPH)
|
Bottom of the 8th over - 1 run, 2 hits, 0 errors, 2 left on base; Richmond 2 - Savannah 3 |
TOP OF THE 9TH |
Richmond Black Rifles batting - Pitching for Savannah Goobers : RHP Don Richardson
|
Now at 1B: Eggie Smith
|
|
Batting: LHB Jackie Selden
|
0-0: Called Strike 0-1: Ground out 6-3 (Groundball, 56S, EV 68.8 MPH)
|
Batting: RHB Henry Walker
|
0-0: Ball 1-0: Called Strike 1-1: Ball 2-1: Ball 3-1: SINGLE (Groundball, 6, EV 78.8 MPH) (infield hit)
|
Pinch Hitting: SHB Walter Calloway
|
0-0: Ball 1-0: Ball 2-0: SINGLE (Line Drive, 34D, EV 96.9 MPH) Henry Walker to second
|
Batting: SHB Sleeky Handy
|
0-0: Called Strike 0-1: Foul Ball, location: 23FF 0-2: Ball 1-2: Reached on error, E5 (Groundball, 56S, EV 89.4 MPH) Henry Walker to third Walter Calloway to second
|
Pinch Hitting: RHB Sam Maxwell
|
0-0: Called Strike 0-1: Fly out, F6 (Popup, 6, EV 58.8 MPH)
|
Pinch Hitting: RHB George Sublette
|
0-0: Called Strike 0-1: Foul Ball, location: 3SF 0-2: Foul Ball, location: 5SF 0-2: Ball 1-2: Ball 2-2: Fielders Choice at 2nd, 6-4 (Groundball, 6, EV 102.5 MPH)
|
Top of the 9th over - 0 runs, 2 hits, 1 error, 3 left on base; Richmond 2 - Savannah 3 |
|